EVO
UNIVERSITY OF NORTH CAROLINA AT CHAPEL HILL TAR HEELS @ RICE UNIVERSITY OWLS
11/16/2047
 
TOP OF THE 1ST
Vanderbilt University Commodores batting - Pitching for Rice University Owls : RHP Takeru Inoue
Pitching: RHP Takeru Inoue
Batting: LHB Nate Greening 0-0: Bunt for hit to 3S - play at first, batter OUT! 3-4
Batting: RHB Gary Smith 0-0: Ground out 4-3 (Groundball, 4, EV 86.9 MPH)
Batting: LHB Jose Diaz 0-0: Called Strike
0-1: Ball
1-1: Foul Ball, location: 2F
1-2: Foul Ball, location: 2F
1-2: Ball
2-2: SINGLE (Groundball, 3D, EV 98.1 MPH)
Batting: RHB Pakiana Kileona 0-0: Called Strike
0-1: Foul Ball, location: 2F
0-2: Ball
1-2: Strikes out looking
Top of the 1st over - 0 runs, 1 hit, 0 errors, 1 left on base; Vanderbilt University 0 - Rice University 0
BOTTOM OF THE 1ST
Rice University Owls batting - Pitching for Vanderbilt University Commodores : LHP Zach Harris
Pitching: LHP Zach Harris
Batting: SHB Yu-hsui Lew 0-0: Ball
1-0: Called Strike
1-1: Swinging Strike
1-2: Ball
2-2: Ball
3-2: Strikes out swinging
Batting: LHB David Coatney 0-0: Swinging Strike
0-1: Ball
1-1: Called Strike
1-2: Strikes out swinging
Batting: RHB Fred Saxton 0-0: Hit by Pitch
Batting: SHB Joan Coucieiro 0-0: Fly out, F7 (Flyball, 7LS, EV 80.6 MPH)
Bottom of the 1st over - 0 runs, 0 hits, 0 errors, 1 left on base; Vanderbilt University 0 - Rice University 0
TOP OF THE 2ND
Vanderbilt University Commodores batting - Pitching for Rice University Owls : RHP Takeru Inoue
Batting: RHB Alex Diaz 0-0: Fly out, F8 (Flyball, 8RXD, EV 100.0 MPH)
Batting: RHB Esteban Acuna 0-0: Ball
1-0: Swinging Strike
1-1: Ball
2-1: Ball
3-1: Base on Balls
Batting: SHB Hui Li 0-0: Ball
Esteban Acuna steals 2nd base
1-0: Called Strike
1-1: Hit by Pitch
Batting: LHB Raul Aldaz 0-0: Ball
1-0: SINGLE (Line Drive, 4MD, EV 100.0 MPH)
Esteban Acuna to third
Hui Li to second
Runner from 3rd tries for Home, SAFE, throw by CF to home
Batting: SHB Felipe Campanella 0-0: Ball
1-0: Called Strike
1-1: Fielders Choice at 2nd, 6-4 (Groundball, 6, EV 108.8 MPH)
Hui Li to third
Batting: LHB Nate Greening 0-0: Ball
Felipe Campanella steals 2nd base
1-0: Called Strike
1-1: Swinging Strike
1-2: SINGLE (Flyball, 89S, EV 94.4 MPH)
Hui Li scores
Felipe Campanella to third
Runner from 3rd tries for Home, SAFE, throw by RF to home
Batting: RHB Gary Smith 0-0: Ball
Nate Greening steals 2nd base (no throw)
1-0: Ball
2-0: Called Strike
2-1: Ball
3-1: Foul Ball, location: 2F
3-2: Foul Ball, location: 2F
3-2: SINGLE (Groundball, 4MD, EV 103.8 MPH)
Nate Greening to third
Runner from 3rd tries for Home, SAFE, throw by CF to home
Batting: LHB Jose Diaz 0-0: Called Strike
0-1: Swinging Strike
0-2: Ball
1-2: Strikes out looking
Top of the 2nd over - 4 runs, 3 hits, 0 errors, 1 left on base; Vanderbilt University 4 - Rice University 0
BOTTOM OF THE 2ND
Rice University Owls batting - Pitching for Vanderbilt University Commodores : LHP Zach Harris
Batting: LHB Eddie Lemus 0-0: Foul Ball, location: 2F
0-1: Ball
1-1: DOUBLE (Line Drive, 9LM, EV 107.5 MPH)
Batting: RHB Yu-zeng Mai 0-0: Ground out 4-3 (Groundball, 4S, EV 85.0 MPH)
Eddie Lemus to third
Batting: RHB Adrian Quilantan 0-0: Ball
1-0: Ground out 4-3 (Groundball, 4, EV 86.9 MPH)
Eddie Lemus scores
Batting: RHB Russ Kennett 0-0: Called Strike
0-1: Foul Ball, location: 2F
0-2: Strikes out swinging
Bottom of the 2nd over - 1 run, 1 hit, 0 errors, 0 left on base; Vanderbilt University 4 - Rice University 1
TOP OF THE 3RD
Vanderbilt University Commodores batting - Pitching for Rice University Owls : RHP Takeru Inoue
Batting: RHB Pakiana Kileona 0-0: Ball
1-0: Foul Ball, location: 2F
1-1: Ball
2-1: Foul Ball, location: 2F
2-2: Ground out 4-3 (Groundball, 4, EV 85.0 MPH)
Batting: RHB Alex Diaz 0-0: Foul Ball, location: 2F
0-1: Fly out, F9 (Flyball, 9, EV 88.8 MPH)
Batting: RHB Esteban Acuna 0-0: Fly out, F8 (Flyball, 78M, EV 90.6 MPH)
Top of the 3rd over - 0 runs, 0 hits, 0 errors, 0 left on base; Vanderbilt University 4 - Rice University 1
BOTTOM OF THE 3RD
Rice University Owls batting - Pitching for Vanderbilt University Commodores : LHP Zach Harris
Batting: RHB Alex Valadez 0-0: SINGLE (Groundball, 6M, EV 105.6 MPH) (infield hit)
Batting: SHB Yu-hsui Lew 0-0: Ball
1-0: Foul Ball, location: 2F
1-1: Ball
2-1: Foul Ball, location: 2F
2-2: Ball
3-2: Foul Ball, location: 2F
3-2: Grounds into double play, 6-4-3 (Groundball, 56, EV 106.2 MPH)
Batting: LHB David Coatney 0-0: Called Strike
0-1: Ball
1-1: SINGLE (Groundball, 6S, EV 63.8 MPH) (infield hit)
Batting: RHB Fred Saxton 0-0: Called Strike
0-1: Foul Ball, location: 2F
0-2: DOUBLE (Line Drive, 7LS, EV 106.9 MPH)
David Coatney to third
Runner from 3rd tries for Home, SAFE, throw by LF to home
Batting: SHB Joan Coucieiro 0-0: Ball
1-0: Ball
2-0: Ball
3-0: Base on Balls
Batting: LHB Eddie Lemus 0-0: Fly out, F9 (Flyball, 9D, EV 98.1 MPH)
Bottom of the 3rd over - 1 run, 3 hits, 0 errors, 2 left on base; Vanderbilt University 4 - Rice University 2
TOP OF THE 4TH
Vanderbilt University Commodores batting - Pitching for Rice University Owls : RHP Takeru Inoue
Batting: SHB Hui Li 0-0: Ball
1-0: Foul Ball, location: 2F
1-1: Swinging Strike
1-2: Strikes out swinging
Batting: LHB Raul Aldaz 0-0: Foul Ball, location: 2F
0-1: Ball
1-1: Ball
2-1: Ground out 4-3 (Groundball, 34, EV 103.1 MPH)
Batting: SHB Felipe Campanella 0-0: Ball
1-0: Foul Ball, location: 2F
1-1: Swinging Strike
1-2: Ball
2-2: Strikes out swinging
Top of the 4th over - 0 runs, 0 hits, 0 errors, 0 left on base; Vanderbilt University 4 - Rice University 2
BOTTOM OF THE 4TH
Rice University Owls batting - Pitching for Vanderbilt University Commodores : LHP Zach Harris
Batting: RHB Yu-zeng Mai 0-0: Ball
1-0: Called Strike
1-1: Ball
2-1: Ball
3-1: Swinging Strike
3-2: Ground out 6-3 (Groundball, 6, EV 98.8 MPH)
Batting: RHB Adrian Quilantan 0-0: Foul Ball, location: 2F
0-1: Called Strike
0-2: Strikes out swinging
Batting: RHB Russ Kennett 0-0: Ball
1-0: Called Strike
1-1: Ball
2-1: Ball
3-1: Called Strike
3-2: Base on Balls
Batting: RHB Alex Valadez 0-0: Called Strike
Russ Kennett steals 2nd base
0-1: Fly out, F8 (Flyball, 8RS, EV 88.1 MPH)
Bottom of the 4th over - 0 runs, 0 hits, 0 errors, 1 left on base; Vanderbilt University 4 - Rice University 2
TOP OF THE 5TH
Vanderbilt University Commodores batting - Pitching for Rice University Owls : RHP Takeru Inoue
Batting: LHB Nate Greening 0-0: Ball
1-0: Swinging Strike
1-1: Ball
2-1: Ball
3-1: Foul Ball, location: 2F
3-2: Foul Ball, location: 2F
3-2: Strikes out swinging
Batting: RHB Gary Smith 0-0: Foul Ball, location: 2F
0-1: SINGLE (Groundball, 56D, EV 101.9 MPH)
Batting: LHB Jose Diaz 0-0: Called Strike
0-1: Ball
1-1: Ball
2-1: DOUBLE (Line Drive, 3D, EV 96.2 MPH)
Gary Smith to third
Batting: RHB Pakiana Kileona 0-0: Swinging Strike
0-1: Ball
1-1: Foul Ball, location: 2F
1-2: Foul Ball, location: 2F
1-2: Foul Ball, location: 2F
1-2: Strikes out swinging
Batting: RHB Alex Diaz 0-0: Foul Ball, location: 2F
0-1: Ball
1-1: Foul Ball, location: 2F
1-2: Ball
2-2: Ground out 6-3 (Groundball, 56, EV 85.6 MPH)
Top of the 5th over - 0 runs, 2 hits, 0 errors, 2 left on base; Vanderbilt University 4 - Rice University 2
BOTTOM OF THE 5TH
Rice University Owls batting - Pitching for Vanderbilt University Commodores : LHP Zach Harris
Batting: SHB Yu-hsui Lew 0-0: Called Strike
0-1: Ball
1-1: Foul Ball, location: 2F
1-2: Ground out 5-3 (Groundball, 56, EV 86.9 MPH)
Batting: LHB David Coatney 0-0: Ball
1-0: Called Strike
1-1: Called Strike
1-2: Fly out, F8 (Flyball, 78M, EV 89.4 MPH)
Batting: RHB Fred Saxton 0-0: Called Strike
0-1: Ball
1-1: Ball
2-1: Ball
3-1: Base on Balls
Batting: SHB Joan Coucieiro 0-0: Called Strike
0-1: Ball
1-1: Ball
2-1: Foul Ball, location: 2F
2-2: Foul Ball, location: 2F
2-2: Ball
3-2: 2-RUN HOME RUN (Flyball, 7D, EV 95.6 MPH), Distance : 376 ft
Batting: LHB Eddie Lemus 0-0: Ball
1-0: Fly out, F9 (Flyball, 9, EV 80.6 MPH)
Bottom of the 5th over - 2 runs, 1 hit, 0 errors, 0 left on base; Vanderbilt University 4 - Rice University 4
TOP OF THE 6TH
Vanderbilt University Commodores batting - Pitching for Rice University Owls : RHP Takeru Inoue
Batting: RHB Esteban Acuna 0-0: Ball
1-0: Foul Ball, location: 2F
1-1: Ball
2-1: Called Strike
2-2: Reached on error, E4 (Groundball, 4M, EV 83.8 MPH)
Batting: SHB Hui Li 0-0: Ball
Esteban Acuna is caught stealing 2nd base 2-6
1-0: Swinging Strike
1-1: Swinging Strike
1-2: Strikes out swinging
Batting: LHB Raul Aldaz 0-0: Ball
1-0: Ball
2-0: Swinging Strike
2-1: SINGLE (Flyball, 5D, EV 95.0 MPH)
Batting: SHB Felipe Campanella 0-0: Fly out, F5 (Line Drive, 5L, EV 71.9 MPH)
Top of the 6th over - 0 runs, 1 hit, 1 error, 1 left on base; Vanderbilt University 4 - Rice University 4
BOTTOM OF THE 6TH
Rice University Owls batting - Pitching for Vanderbilt University Commodores : LHP Zach Harris
Batting: RHB Yu-zeng Mai 0-0: Called Strike
0-1: Called Strike
0-2: Ball
1-2: Ball
2-2: Foul Ball, location: 2F
2-2: SINGLE (Groundball, 6M, EV 86.9 MPH) (infield hit)
Batting: RHB Adrian Quilantan 0-0: Swinging Strike
0-1: Grounds into double play, 5-4-3 (Groundball, 56S, EV 87.5 MPH)
Batting: RHB Russ Kennett 0-0: SINGLE (Groundball, 6, EV 100.0 MPH)
Batting: RHB Alex Valadez 0-0: Called Strike
0-1: Ball
1-1: Ball
2-1: Ball
3-1: Base on Balls
Russ Kennett to second
Batting: SHB Yu-hsui Lew 0-0: Swinging Strike
0-1: Ball
1-1: Foul Ball, location: 2F
1-2: Strikes out looking
Bottom of the 6th over - 0 runs, 2 hits, 0 errors, 2 left on base; Vanderbilt University 4 - Rice University 4
TOP OF THE 7TH
Vanderbilt University Commodores batting - Pitching for Rice University Owls : RHP Takeru Inoue
Batting: LHB Nate Greening 0-0: Swinging Strike
0-1: Ball
1-1: Swinging Strike
1-2: Ball
2-2: Ball
3-2: Fly out, F8 (Flyball, 8LD, EV 93.1 MPH)
Batting: RHB Gary Smith 0-0: Ball
1-0: Called Strike
1-1: Foul Ball, location: 2F
1-2: Ball
2-2: SINGLE (Flyball, 89S, EV 96.2 MPH)
Pitching: LHP Joel Brown
Batting: LHB Jose Diaz 0-0: Called Strike
0-1: Foul Ball, location: 2F
0-2: Ball
1-2: Fly out, F7 (Flyball, 78S, EV 93.1 MPH)
Batting: RHB Pakiana Kileona 0-0: Called Strike
0-1: Ball
1-1: Ball
2-1: Ball
3-1: Foul Ball, location: 2F
3-2: SINGLE (Groundball, 56D, EV 101.9 MPH)
Gary Smith to second
Gary Smith to third
Batting: RHB Alex Diaz 0-0: Called Strike
0-1: Called Strike
0-2: Ball
1-2: Fly out, F9 (Line Drive, 89M, EV 93.1 MPH)
Top of the 7th over - 0 runs, 2 hits, 0 errors, 2 left on base; Vanderbilt University 4 - Rice University 4
BOTTOM OF THE 7TH
Rice University Owls batting - Pitching for Vanderbilt University Commodores : LHP Zach Harris
Batting: LHB David Coatney 0-0: Ball
1-0: Called Strike
1-1: Foul Ball, location: 2F
1-2: Foul Ball, location: 2F
1-2: Ball
2-2: Ball
3-2: Fly out, F8 (Flyball, 8LXD, EV 106.2 MPH)
Batting: RHB Fred Saxton 0-0: Ball
1-0: Foul Ball, location: 2F
1-1: Ball
2-1: Swinging Strike
2-2: Ball
3-2: Foul Ball, location: 2F
3-2: Foul Ball, location: 2F
3-2: Base on Balls
Pitching: RHP Tyler Patel
Batting: SHB Joan Coucieiro 0-0: Foul Ball, location: 2F
0-1: Ball
1-1: Ball
Fred Saxton is caught stealing 2nd base 2-6
2-1: Foul Ball, location: 2F
2-2: Foul Ball, location: 2F
2-2: Ball
3-2: SOLO HOME RUN (Flyball, 78XD, EV 104.4 MPH), Distance : 427 ft
Batting: LHB Eddie Lemus 0-0: Ball
1-0: Foul Ball, location: 2F
1-1: Ball
2-1: Ball
3-1: Base on Balls
Batting: RHB Yu-zeng Mai 0-0: Ball
1-0: Ball
2-0: Foul Ball, location: 2F
2-1: Fly out, F9 (Flyball, 9, EV 87.5 MPH)
Bottom of the 7th over - 1 run, 1 hit, 0 errors, 1 left on base; Vanderbilt University 4 - Rice University 5
TOP OF THE 8TH
Vanderbilt University Commodores batting - Pitching for Rice University Owls : LHP Joel Brown
Batting: RHB Esteban Acuna 0-0: Called Strike
0-1: Foul Ball, location: 2F
0-2: Ball
1-2: Ball
2-2: Ball
3-2: Strikes out swinging
Pinch Hitting: RHB Luis Jara 0-0: Ball
1-0: Ball
2-0: Ground out 6-3 (Groundball, 6, EV 80.0 MPH)
Batting: LHB Raul Aldaz 0-0: Ground out 4-3 (Groundball, 4, EV 93.8 MPH)
Top of the 8th over - 0 runs, 0 hits, 0 errors, 0 left on base; Vanderbilt University 4 - Rice University 5
BOTTOM OF THE 8TH
Rice University Owls batting - Pitching for Vanderbilt University Commodores : RHP Tyler Patel
Now in LF: Luis Jara
Batting: RHB Adrian Quilantan 0-0: Ground out 4-3 (Groundball, 4, EV 102.5 MPH)
Batting: RHB Russ Kennett 0-0: Swinging Strike
0-1: Fly out, F7 (Flyball, 78S, EV 92.5 MPH)
Batting: RHB Alex Valadez 0-0: Ball
1-0: Called Strike
1-1: Ball
2-1: Foul Ball, location: 2F
2-2: Ball
3-2: Foul Ball, location: 2F
3-2: TRIPLE (Line Drive, 9LD, EV 104.4 MPH)
Pitching: RHP Milutin Mladjenovic
Batting: SHB Yu-hsui Lew 0-0: Fly out, F9 (Flyball, 9, EV 86.9 MPH)
Bottom of the 8th over - 0 runs, 1 hit, 0 errors, 1 left on base; Vanderbilt University 4 - Rice University 5
TOP OF THE 9TH
Vanderbilt University Commodores batting - Pitching for Rice University Owls : LHP Joel Brown
Pitching: RHP John Kerfoot
Now in RF: Alex Ruybalid
Pinch Hitting: LHB Mario Garza 0-0: Called Strike
0-1: Ball
1-1: Ball
2-1: Swinging Strike
2-2: Strikes out swinging
Batting: LHB Nate Greening 0-0: Foul Ball, location: 2F
0-1: Ball
1-1: Ball
2-1: Fly out, F8 (Flyball, 8RXD, EV 100.6 MPH)
Batting: RHB Gary Smith 0-0: Called Strike
0-1: Foul Ball, location: 2F
0-2: Ball
1-2: Foul Ball, location: 2F
1-2: Strikes out looking
Top of the 9th over - 0 runs, 0 hits, 0 errors, 0 left on base; Vanderbilt University 4 - Rice University 5
Thursday, December 15th , 2022 - OOTP Baseball 23.9 Build 102